 Dungeon Crawl Stone Soup version 0.28-a0-793-g31680bbd8b (webtiles) character file.

Game seed: 4438566111812971486

0 spiderkeys the Ducker (level 1, -11/10 HPs)
             Began as a Felid Abyssal Knight on Nov 4, 2021.
             Was a Follower of Lugonu.
             Killed from afar by a raiju (21 damage)
             ... with a living lightning
             ... on level 2 of the Abyss.
             The game lasted 00:01:36 (312 turns).

spiderkeys the Ducker (Felid Abyssal Knight)         Turns: 312, Time: 00:01:37

Health: -11/10     AC:  1    Str:  9    XL:     1   Next: 0%
Magic:  3/3        EV: 18    Int: 11    God:    Lugonu [*.....]
Gold:   45         SH:  0    Dex: 16    Spells: 0/0 levels left
                                        Lives:  0   Deaths: 0

rFire   . . .      SeeInvis +     - Unarmed
rCold   . . .      Faith    .   (shield unavailable)
rNeg    . . .      Spirit   .   (armour unavailable)
rPois   .          Reflect  .   (helmet unavailable)
rElec   .          Harm     .   (cloak unavailable)
rCorr   .          Rampage  .   (gloves unavailable)
Will    .....                   (boots unavailable)
Stlth   +.........              A - amulet of the acrobat
HPRegen 0.03/turn               (no ring)
MPRegen 0.08/turn               (no ring)

@: confused, quick
A: very small, claws 1, fangs 3, see invisible, speed 1, shaggy fur 1, stealthy
paws, no weapons or thrown items, no armour, multi-lived
a: Renounce Religion, Depart the Abyss


You were on level 2 of the Abyss.
You worshipped Lugonu.
Lugonu was aware of your devotion.
You visited 0 branches of the dungeon, and saw 0 of its levels.
You visited the Abyss 1 time.

You collected 45 gold pieces.


Innate Abilities, Weirdness & Mutations

You have sharp claws.
You have razor-sharp teeth.
You have supernaturally acute eyesight. (SInv)
You cover ground quickly. (Speed+)
You are covered in fur. (AC +1)
Your paws help you pounce on unaware monsters.
You are incapable of wielding weapons or throwing items.
You cannot wear armour.
You gain extra lives every three experience levels.


   Skills:
 + Level 3.0 Fighting
 + Level 3.2 Dodging
 + Level 2.0 Unarmed Combat
 + Level 1.7 Invocations


You couldn't memorise any spells.
You didn't know any spells.
Your spell library contained the following spells:

 Spells                   Type           Power      Damage    Failure   Level
 Ensorcelled Hibernation  Hex/Ice        0%         N/A       47%         2
 Tukima's Dance           Hex            0%         N/A       71%         3

Inventory:

Jewellery
 A - an amulet of the acrobat (around neck)
   (You found it on level 2 of the Abyss)
Potions
 a - a potion of resistance {unknown}

Dungeon Overview and Level Annotations

Branches:
Dungeon (0/15)

Altars:

..... ...#. # #.#
.#.... #....#.## ..
#§...#G.#..#...##.#
# . ..#.##....#...#
#.. #...#w# ....###
##.. .§....X###....#
..#...#... #.§.#...#
#..#...X######Gh..##
.#. #...# ###@#.# #.
. . .# #G..# #...X#
## ##...# .....##
#...# . .#.### .
#.#.# ...#####..
..#.# .#. . .# #####
.h###.# # ## ....#.#


You could see a tentacled starspawn, a raiju, a starspawn tentacle and 2 golden
eyes.


Message History

Moving in this stuff is going to be slow.
You pick up a book of Maledictions and begin reading...
You add the spells Ensorcelled Hibernation and Tukima's Dance to your library.
You enter the shallow water.
Moving in this stuff is going to be slow.
You enter the shallow water.
Moving in this stuff is going to be slow.
There is a gateway leading deeper into the Abyss here.
You plunge deeper into the Abyss.
You now have 45 gold pieces.
You open the door.
Found six altars.
Found four altars.
There is an open door here.
A small abomination comes into view.
You see here an amulet of the acrobat.
A - an amulet of the acrobat A thrashing horror comes into view.
The thrashing horror roars!
A black mamba simulacrum comes into view.
A thrashing horror comes into view.
You are suddenly pulled into a different region of the Abyss!
You start putting on your amulet.
You continue putting on your amulet of the acrobat. x5
You finish putting on your amulet of the acrobat.
You feel ready to tumble and roll out of harm's way.
A - an amulet of the acrobat (around neck)
A smoke demon comes into view.
The smoke demon roars!
A raiju comes into view.
The raiju barks!
The raiju bursts into living lightning!
The living lightning misses you.
The raiju blinks!
The raiju completely misses you.
You aren't carrying any scrolls.
The raiju bursts into living lightning!
The living lightning misses you.
The raiju blinks! x2
The raiju pauses to sniff the ground.
A tentacled starspawn comes into view.
A golden eye comes into view.
The golden eye turns its gaze towards you.
The raiju bursts into living lightning!
The living lightning misses you.
The raiju blinks!
The golden eye blinks! 2 golden eyes come into view.
The golden eye turns its gaze towards you.
The golden eye blinks at you.
You are confused.
You bump into the stone wall.
The golden eye blinks at you.
You are more confused.
Tentacles burst from the starspawn's body!
The raiju closely misses you. 2 starspawn tentacles come into view.
The golden eye turns its gaze towards you.
The golden eye blinks!
Unknown command.
The raiju completely misses you. The golden eye blinks at you.
You are more confused.
Okay, then.
Unknown command.
You bump into the rock wall.
The raiju barely misses you. The golden eye blinks at you.
You are more confused.
The golden eye blinks at you.
You are more confused.
You bump into the crystal wall.
The raiju closely misses you. The golden eye blinks at you.
You are more confused.
You miss the raiju.
The golden eye blinks!
The golden eye blinks at you.
You are more confused.
The raiju closely misses you.
The golden eye turns its gaze towards you.
The golden eye blinks at you.
You are more confused.
The golden eye blinks at you. You resist with almost no effort.
The golden eye blinks at you.
You are more confused.
The golden eye blinks at you. The golden eye blinks at you.
You are more confused.
The golden eye blinks at you. The golden eye blinks at you.
You are more confused.
The golden eye blinks at you.
You bump into the rock wall.
The golden eye blinks!
The golden eye blinks at you.
You are more confused.
The golden eye blinks! x2
Unknown command.
The raiju bursts into living lightning!
The living lightning misses you.
The raiju blinks! x2
You bump into the stone wall.
A tentacle flies out from the starspawn's body!
The raiju bursts into living lightning!
The living lightning hits you!!
Ouch! That really hurt!
You die...

Action                   || total
-------------------------++-------
Melee: Unarmed           ||     1
Dodge: Dodged            ||    10

Levels and vault maps discovered:
Abyss:2:  base: Temple, abyss_greek_temple, evilmike_abyss_exit_12,
          gammafunk_corrupted_shrine

Notes
Turn   | Place    | Note
-------+----------+-------------------------------------------
     0 | Abyss:1  | spiderkeys the Felid Abyssal Knight began the quest for the
                  | Orb.
     0 | Abyss:1  | Reached XP level 1. HP: 10/10 MP: 3/3
     0 | Abyss:1  | magus.rc [v1.9.10]
    11 | Abyss:1  | Found a corrupted altar of Lugonu.
    78 | Abyss:1  | You pick up a book of Maledictions and begin reading...
    78 | Abyss:1  | You add the spells Ensorcelled Hibernation and Tukima's
                  | Dance to your library.
   133 | Abyss:2  | Found an opulent altar of Gozag.
   133 | Abyss:2  | Found a radiant altar of Vehumet.
   133 | Abyss:2  | Found a bloodstained altar of Trog.
   133 | Abyss:2  | Found a shimmering altar of Xom.
   133 | Abyss:2  | Found a sparkling altar of Nemelex Xobeh.
   133 | Abyss:2  | Found a hazy altar of Hepliaklqana.
   134 | Abyss:2  | Found an ornate altar of the Wu Jian Council.
   134 | Abyss:2  | Found a hide-covered altar of Uskayaw.
   134 | Abyss:2  | Found a shimmering blue altar of Sif Muna.
   134 | Abyss:2  | Found an iron altar of Okawaru.
   155 | Abyss:2  | Noticed a small abomination
   183 | Abyss:2  | Noticed a thrashing horror
   184 | Abyss:2  | Noticed a black mamba simulacrum
   184 | Abyss:2  | Noticed a thrashing horror
   248 | Abyss:2  | Noticed a smoke demon
   260 | Abyss:2  | Noticed a raiju
   272 | Abyss:2  | Noticed a large abomination
   281 | Abyss:2  | Noticed a tentacled starspawn
   292 | Abyss:2  | Noticed a golden eye
   296 | Abyss:2  | Noticed a golden eye
   296 | Abyss:2  | Noticed a golden eye
   312 | Abyss:2  | Killed from afar by a raiju

Vanquished Creatures (others)
  2 starspawn tentacles (Abyss:2)
2 creatures vanquished.

Table legend:
 A = Non-vault XP
 B = Vault XP
 C = Vault XP percentage of total XP
 D = Non-vault monster count
 E = Vault monster count
 F = Vault count percentage of total count
                 A         B        C        D         E       F
            +---------+---------+-------+---------+---------+-------
      Total |       0 |       0 |   N/A |       0 |       0 |  -nan
            +---------+---------+-------+---------+---------+-------
            +---------+---------+-------+---------+---------+-------

Illustrated notes

Table legend: (Time is in decaauts)
 A = Elapsed time spent in this place.
 B = Non-inter-level travel time spent in this place.
 C = Inter-level travel time spent in this place.
 D = Time resting spent in this place.
 E = Time spent auto-exploring this place.
 F = Levels seen in this place.
 G = Mean time per level.
                   A        B        C        D        E       F      G
               +--------+--------+--------+--------+--------+-----+--------+
         Total |    256 |    256 |      0 |      0 |     37 |   2 |  128.0 |
         Abyss |    256 |    256 |      0 |      0 |     37 |   2 |  128.0 |
               +--------+--------+--------+--------+--------+-----+--------+

Top non-repeatable levels by time:
 Abyss:2: 154 daAuts
 Abyss:1: 102 daAuts
